 Dungeon Crawl Stone Soup version 0.31-a0-986-g5e6e4ef867 (webtiles) character file.

Game seed: 8222605890848198988

37 porpoise the Caller (level 3, 0/19 HPs)
             Began as a Tengu Summoner on Nov 11, 2023.
             Succumbed to an adder's poison
             ... on level 2 of the Dungeon.
             The game lasted 00:04:29 (1188 turns).

porpoise the Caller (Tengu Summoner)                Turns: 1188, Time: 00:04:30

Health: 0/19       AC:  2    Str:  8    XL:     3   Next: 41%
Magic:  7/8        EV: 27    Int: 17    God:
Gold:   88         SH:  0    Dex: 14    Spells: 4/7 levels left

rFire   . . .        a - +0 dagger
rCold   . . .        (no shield)
rNeg    . . .        c - +0 robe
rPois   .            (helmet restricted)
rElec   .            (no cloak)
rCorr   .            (no gloves)
SInv    .            (boots unavailable)
Will    .....        (no amulet)
Stlth   ++           (no ring)
HPRegen 0.23/turn    (no ring)
MPRegen 0.11/turn

%: acrobat
@: lethally poisoned (0 -> -2), acrobatic, attractive, invisible
A: beak, talons 3, acrobatic
a: no special abilities


You were on level 2 of the Dungeon.
You visited 1 branch of the dungeon, and saw 2 of its levels.

You collected 88 gold pieces.

Inventory:

Hand Weapons
 a - a +0 dagger (weapon)
Armour
 c - a +0 robe (worn)
 m - the +1 robe "Ydeme" {Harm rN++ Str+3 Dex-2}
   (You found it on level 2 of the Dungeon)

   Str+3:     It affects your strength (+3).
   Dex-2:     It affects your dexterity (-2).
   rN++:      It greatly protects you from negative energy.
   Harm:      It increases damage dealt and taken.
Scrolls
 d - a scroll of amnesia {unknown}
 e - 3 scrolls of identify {unknown}
 g - a scroll of immolation {unknown}
 h - a scroll of blinking
 i - a scroll of torment {unknown}
 j - a scroll of fear {unknown}
 l - a scroll of enchant weapon {unknown}
Potions
 b - a potion of magic


   Skills:
 - Level 2.1 Dodging
 - Level 2.0 Stealth
 + Level 2.8 Spellcasting
 + Level 5.5 Summonings


You had 4 spell levels left.
You knew the following spells:

 Your Spells              Type           Power      Damage    Failure   Level
a - Summon Small Mammal   Summ           84%        N/A       1%          1
b - Call Imp              Summ           42%        N/A       2%          2

Your spell library contained the following spells:

 Spells                   Type           Power      Damage    Failure   Level
 Call Canine Familiar     Summ           21%        N/A       5%          3
 Summon Guardian Golem    Hex/Summ       11%        N/A       17%         3
 Blink                    Tloc           4%         N/A       26%         2
 Lesser Beckoning         Tloc           4%         N/A       26%         2
 Momentum Strike          Conj/Tloc      4%         3d8       26%         2
 Scorch                   Fire           4%         2d5       26%         2
 Summon Lightning Spire   Summ/Air       11%        N/A       50%         4
 Flame Wave               Conj/Fire      2%         2d4       87%         4
 Summon Cactus Giant      Summ           10%        N/A       95%         6


Dungeon Overview and Level Annotations

Branches:
Dungeon (2/15)

Altars:


Innate Abilities, Weirdness & Mutations

You have a beak for a mouth.
You have claws for feet.
You can magically evade attacks while moving or waiting.


Message History

You barely miss the adder.
The adder is lightly wounded.
Your quokka barely misses the adder.
The adder bites you.
You are poisoned.
The adder poisons you!
Your rat closely misses the adder.
You closely miss the adder. Your kick misses the adder.
The adder is lightly wounded.
You feel sick.
Your quokka barely misses the adder.
The adder barely misses you.
Your quokka closely misses the adder.
The adder bites you.
You are more poisoned.
The adder poisons you!
Your rat bites the adder.
It was a potion of attraction.
You feel attractive to monsters.
You feel sick. The adder bites you.
Your quokka misses the adder. Your rat misses the adder.
It was a potion of invisibility.
You fade into invisibility!
* * * LOW HITPOINT WARNING * * *
You feel sick. The adder barely misses you.
Your quokka closely misses the adder.
Your rat barely misses the adder.
You barely miss the adder. You claw the adder, but do no damage.
You peck the adder.
The adder is severely wounded.
* * * LOW HITPOINT WARNING * * *
You feel sick. The adder barely misses you.
Your quokka barely misses the adder.
Your rat bites the adder but does no damage.
You catch the helpless adder completely off-guard!
You hit the adder.
You kill the adder!
* * * LOW HITPOINT WARNING * * *
You feel sick.
Okay, then.
There is a lethal amount of poison in your body!
* * * LOW HITPOINT WARNING * * *
You feel sick.
* * * LOW HITPOINT WARNING * * *
You feel sick.
You die...

.## #.####.#....
...###.........
............###
#...........#.#
#...♣......#.#
##....♣♣....#.#
##...♣♣......#.#
...#.....♣♣..†#.#.#
.....$.r@r.........#
.....##.......)...##
.... ###..######..#
... #..........## .#
.............#
.....#######.#####
...#...........#
.?.#.#####.....#
#####..


You could see a friendly quokka (summoned) and a friendly rat (summoned).

Vanquished Creatures
  An adder (D:2)
  A worm (D:2)
  2 bats
  3 endoplasms
  A giant cockroach (D:2)
  3 goblins (D:1)
  2 hobgoblins (D:2)
  3 kobolds (D:1)
  A quokka (D:1)
  A ball python (D:1)
  2 frilled lizards (D:1)
  2 rats (D:1)
22 creatures vanquished.

Vanquished Creatures (collateral kills)
  An endoplasm (D:1)
  A goblin (D:1)
2 creatures vanquished.

Grand Total: 24 creatures vanquished

Notes
Turn   | Place    | Note
-------+----------+-------------------------------------------
     0 | D:1      | porpoise the Tengu Summoner began the quest for the Orb.
     0 | D:1      | Reached XP level 1. HP: 10/10 MP: 4/4
    72 | D:1      | Reached skill level 5 in Summonings
   249 | D:1      | Reached XP level 2. HP: 15/15 MP: 6/6
   352 | D:1      | Learned a level 2 spell: Call Imp
   952 | D:2      | Reached XP level 3. HP: 19/19 MP: 7/7
  1105 | D:2      | Identified the +1 robe "Ydeme" {Harm rN++ Str+3 Dex-2}
  1188 | D:2      | Succumbed to an adder's poison

Illustrated notes

Levels and vault maps discovered:
D:1:      tarquinn_simple_flora_water_b, layout_basic,
          corexii_item_surrounded_by_moat, minmay_pentomino_t2
D:2:      layout_basic, chequers_garden, minmay_misc_feat_diagonals,
          fountainhead

Skill      XL: |  1 |
---------------+----+-----
Summonings     | 5 |  5.5
Dodging        | |  2.1
Stealth        | |  2.0
Spellcasting   | |  2.8

Action                     || total
---------------------------++-------
  Melee: Dagger            ||    44
         Kick              ||    11
         Peck              ||    10
   Cast: Summon Small Mamm ||     5
    Use: Scroll            ||     1
         Potion            ||     2
   Stab: Sleeping          ||     6
         Invisible         ||     1
 Armour: Robe              ||    11
  Dodge: Dodged            ||    20

Table legend: (Time is in decaauts)
 A = Elapsed time spent in this place.
 B = Non-inter-level travel time spent in this place.
 C = Inter-level travel time spent in this place.
 D = Time resting spent in this place.
 E = Time spent auto-exploring this place.
 F = Levels seen in this place.
 G = Mean time per level.
                   A        B        C        D        E       F      G
               +--------+--------+--------+--------+--------+-----+--------+
         Total |   1187 |   1154 |     33 |    372 |    567 |   2 |  593.5 |
       Dungeon |   1187 |   1154 |     33 |    372 |    567 |   2 |  593.5 |
               +--------+--------+--------+--------+--------+-----+--------+

Top non-repeatable levels by time:
     D:1: 824 daAuts
     D:2: 362 daAuts
